 Dungeon Crawl Stone Soup version 0.17.1-3-g152610e (webtiles) character file.

235 Yevrel the Charmwright (level 5, -3/36 (39) HPs)
             Began as a Vampire Skald on Apr 4, 2016.
             Was a Follower of Makhleb.
             Slain by an orc
             ... wielding a +0 mace
              (5 damage)
             ... on level 4 of the Dungeon.
             The game lasted 00:14:33 (3149 turns).

Yevrel the Charmwright (Vampire Skald)              Turns: 3149, Time: 00:14:34

HP:   -3/36 (39)    AC:  7    Str: 12    XL:     5   Next: 76%
MP:   0/8           EV:  9    Int: 15    God:    Makhleb [*.....]
Gold: 206           SH:  6    Dex: 13    Spells: 3 memorised, 2 levels left

rFire  . . .     SeeInvis +     a - +0 falchion
rCold  . . .     Clarity  .     i - +3 leather armour {rPois}
rNeg   + . .     SustAt   .     B - +0 shield
rPois  +         Gourm    .     (no helmet)
rElec  .         Spirit   +     y - +0 cloak
rCorr  .         Warding  .     (no gloves)
rMut   .         Stasis   .     (no boots)
MR     .....                    v - amulet of guardian spirit
Stlth  +.........               (no ring)
                                (no ring)

@: lethally poisoned (-3 -> -9), very slightly contaminated, non-regenerating,
diseased, not resistant to hostile enchantments, very unstealthy
A: fangs 3, see invisible, unbreathing
a: Bat Form, Renounce Religion


You were on level 4 of the Dungeon.
You worshipped Makhleb.
Makhleb was aware of your devotion.
You were not thirsty.

You visited 1 branch of the dungeon, and saw 4 of its levels.

You collected 206 gold pieces.

Inventory:

Hand Weapons
 a - a +0 falchion (weapon)
Missiles
 o - 3 needles of paralysis
 u - 8 tomahawks (quivered)
 z - 3 steel tomahawks
Armour
 b - a +0 leather armour
 g - a +0 scale mail
 i - a +3 leather armour of poison resistance (worn)
 x - a cursed +0 pair of boots
 y - a +0 cloak (worn)
 B - a +0 shield (worn)
Jewellery
 v - an amulet of guardian spirit (around neck)
Wands
 r - a wand of confusion (28)
Scrolls
 f - 2 scrolls of remove curse {unknown}
 k - 3 scrolls of identify
 l - 2 scrolls of enchant armour {unknown}
 m - 2 scrolls of magic mapping {unknown}
 n - a scroll of recharging {unknown}
 p - a scroll of immolation {unknown}
 q - a scroll of noise {unknown}
 t - 2 scrolls of teleportation {unknown}
 A - a scroll of enchant weapon {unknown}
Potions
 d - 17 potions of blood
 e - a potion of curing {unknown}
 h - 2 potions of resistance {unknown}
 j - 2 potions of cancellation {unknown}
 s - a potion of haste {unknown}
 w - a potion of degeneration {unknown}
Books
 c - a book of Battle

   Spells                             Type                      Level
   a - Infusion                       Charms                       1
   b - Shroud of Golubria             Charms/Translocation         2
   c - Song of Slaying                Charms                       2
   d - Spectral Weapon                Hexes/Charms                 3
   e - Regeneration                   Charms/Necromancy            3


   Skills:
 + Level 2.5 Fighting
 * Level 2.8 Long Blades
 + Level 2.0 Armour
 + Level 2.9 Dodging
 + Level 0.1 Shields
 * Level 2.5 Spellcasting
 * Level 4.5 Charms


You had 2 spell levels left.
You knew the following spells:

 Your Spells              Type           Power        Failure   Level  Hunger
a - Infusion              Chrm           ###...       30%         1    #......
b - Regeneration          Chrm/Necr      #.........   99%         3    ###....
c - Spectral Weapon       Hex/Chrm       #.......     99%         3    ###....


Dungeon Overview and Level Annotations

Branches:
Dungeon (4/15)
 Temple: D:4-7

Altars:
Elyvilon
Fedhas
Gozag
Kikubaaqudgha
Makhleb
Nemelex Xobeh
Qazlal
Ru
The Shining One


Innate Abilities, Weirdness & Mutations

You have razor-sharp teeth.
You have supernaturally acute eyesight.
You can survive without breathing.


Message History

The orc is heavily wounded.
You block the orc's attack. You block the adder's attack.
The orc hits you but does no damage.
You closely miss the orc.
The orc is heavily wounded.
You block the orc's attack. The adder barely misses you.
You block the orc's attack.
You hit the orc. You bite the orc.
You kill the orc!
Makhleb accepts your kill.
You feel better. The adder barely misses you.
The orc hits you with a short sword. The adder barely misses you.
You hit the orc but do no damage. The orc hits you with a mace!
* * * LOW HITPOINT WARNING * * *
You block the orc's attack. The adder bites you.
* * * LOW HITPOINT WARNING * * *
You are lethally poisoned!
The adder poisons you! The orc hits you but does no damage.
You block the adder's attack. The orc hits you with a mace.
You die...

#. #..# #.... ..##.. #..
#..## #...# .......# #.##
#...#####...##........
#...###...........#...#.....
.....................##....#
. #...............# ##...##
....#..............# #....#
...$...$...Soo.....# ##...#
.......^....@......###....#
.....#........###..##.....#
....###........##.........###
...# ##.......##.....###...#
... #..............# ###.. ..
#..............# ##†
#........#......# ##
..(.....###.....# ...#
##....#


You could see an adder and 2 orcs.

Vanquished Creatures
  A necrophage (D:4)
  A worker ant (D:4)
  5 adders
  An ooze (D:2)
  2 worms
  2 giant geckos
  4 orcs
  2 ball pythons (D:3)
  11 bats
  2 giant cockroaches
  9 goblins
  5 hobgoblins
  3 kobolds
  A quokka (D:2)
  5 giant newts
  2 jackals (D:3)
  8 rats
64 creatures vanquished.

Notes
Turn   | Place    | Note
--------------------------------------------------------------
     0 | D:1      | Yevrel the Vampire Skald began the quest for the Orb.
     0 | D:1      | Reached XP level 1. HP: 16/16 MP: 3/3
   321 | D:1      | Reached XP level 2. HP: 20/22 MP: 5/5
   506 | D:1      | Reached skill level 1 in Armour
   850 | D:2      | Reached skill level 4 in Charms
   850 | D:2      | Reached XP level 3. HP: 17/27 MP: 6/6
  1147 | D:2      | Found a blossoming altar of Fedhas.
  1261 | D:2      | Found a burning altar of Makhleb.
  1261 | D:2      | Found an opulent altar of Gozag.
  1263 | D:2      | Found a white marble altar of Elyvilon.
  1265 | D:2      | Found a sacrificial altar of Ru.
  1266 | D:2      | Found an ancient bone altar of Kikubaaqudgha.
  1274 | D:2      | Reached XP level 4. HP: 29/33 MP: 7/7
  1316 | D:2      | Became a worshipper of Makhleb the Destroyer
  1352 | D:2      | Found a sparkling altar of Nemelex Xobeh.
  1356 | D:2      | Found a faded altar to an unknown god.
  1536 | D:2      | Found a stormy altar of Qazlal.
  1537 | D:2      | Found a glowing golden altar of the Shining One.
  1700 | D:2      | Learned a level 3 spell: Regeneration
  1704 | D:2      | Learned a level 3 spell: Spectral Weapon
  2546 | D:3      | Reached * piety under Makhleb
  2947 | D:4      | Reached XP level 5. HP: 28/39 MP: 5/8
  3097 | D:4      | Noticed a necrophage
  3111 | D:4      | Killed a necrophage
  3149 | D:4      | Slain by an orc

Action                   |  1- 3 |  4- 6 || total
-------------------------+-------+-------++-------
Melee: Falchion          |   141 |   120 ||   261
 Cast: Infusion          |     1 |       ||     1
  Use: Potion            |     2 |     8 ||    10
       Scroll            |       |     2 ||     2
